AoeStats
← nobre0

Arabia

510221068Analyzed
1v1 RM · 3d ago on Sep 30, 2026· 36m 38s· 2 players
Game mode
Random Map
Map size
Tiny (2 player)
Population
200
Speed
Normal
Resources
Standard
Victory
Conquest
Starting age
Dark Age
Ending age
Imperial Age
RankedLock teamsTeams togetherTeam positionsShared explorationLock speedFull tech treeHidden civsTurbo modeCheats
Victory
Defeat
🇧🇷 Magyars · Brazil
979
+16
🇦🇷 Franks · Argentina
971
-16
Emaime
6:47 Loom
12:37 Feudal Age
13:40 Double-Bit Axe
23:01 Castle Age
22:53 Fletching
23:25 Gold Mining
23:11 Elite Skirmisher
30:17 Wheelbarrow
31:07 Stone Mining
34:23 Husbandry
36:39 Hand Cart
nobre0
7:11 Loom
10:13 Feudal Age
11:19 Double-Bit Axe
17:01 Wheelbarrow
20:24 Castle Age
18:27 Horse Collar
19:03 Fletching
19:09 Gold Mining
21:13 Bodkin Arrow
22:09 Bow Saw
23:22 Pikeman
24:35 Padded Archer Armor
24:43 Scale Barding Armor
26:29 Scale Mail Armor
28:25 Chain Barding Armor
28:06 Town Watch
30:03 Hand Cart
30:34 Stone Mining
32:01 Chain Mail Armor
32:58 Bloodlines
36:08 Imperial Age
34:30 Husbandry
34:38 Light Cavalry
35:55 Heavy Plow
36:31 Capped Ram
Connection lost

Rejoining the realm…

Still unreachable

The connection could not be restored.

Session expired

The server has moved on; the page needs a fresh start.